 Dungeon Crawl Stone Soup version 0.27-a0-54-g64bdb92e38 (webtiles) character file.

Game seed: 1768933529975141605

5301 Borgoz the Carver (level 10, 0/84 HPs)
             Began as a Hill Orc Gladiator on Jan 7, 2021.
             Was a Believer of Ashenzari.
             Slain by an unseen horror (6 damage)
             ... on level 4 of the Dungeon.
             The game lasted 00:20:32 (12597 turns).

Borgoz the Carver (Hill Orc Gladiator)             Turns: 12597, Time: 00:20:32

Health: 0/84       AC: 13    Str: 18    XL:     10   Next: 63%
Magic:  10/10      EV: 15    Int:  8    God:    Ashenzari [**....]
Gold:   371        SH:  5    Dex: 15    Spells: 9/9 levels left

rFire    . . .     SeeInvis .   b - +2 short sword (speed)
rCold    + + .     Faith    .   f - +0 buckler
rNeg     . . .     Spirit   .   B - +0 swamp dragon scales
rPois    +         Reflect  .   w - +1 helmet
rElec    .         Harm     .   (no cloak)
rCorr    .         Rampage  .   u - +0 pair of gloves
Will     .....                  y - +0 pair of boots
Stlth    ++........             (no amulet)
HPRegen  0.24/turn              m - ring of protection from cold
MPRegen  0.12/turn              l - ring of protection from cold

@: no status effects
A: no striking features
a: Renounce Religion, Curse Item, Scrying


You were on level 4 of the Dungeon.
You worshipped Ashenzari.
Ashenzari was pleased with you.
You visited 2 branches of the dungeon, and saw 10 of its levels.
You also visited: Sewer.

You collected 553 gold pieces.
You spent 182 gold pieces at shops.

Inventory:

Hand Weapons
 a - a +2 long sword of holy wrath
 b - a +2 short sword of speed (weapon)
 d - a +2 rapier of draining
Armour
 f - a +0 buckler (worn)
 u - a +0 pair of gloves (worn)
 w - a +1 helmet (worn)
 y - a +0 pair of boots (worn)
 B - +0 swamp dragon scales (worn)
Jewellery
 l - a ring of protection from cold (right hand)
 m - a ring of protection from cold (left hand)
Wands
 c - a wand of polymorph (9)
 r - a wand of digging (4)
 v - a wand of paralysis (10)
 x - a wand of flame (26)
 H - a wand of iceblast (7)
Scrolls
 e - 4 scrolls of remove curse
 k - 2 scrolls of enchant weapon
 q - 3 scrolls of blinking
 s - 7 scrolls of teleportation
 t - a scroll of fear
Potions
 g - 5 potions of haste
 i - 2 potions of cancellation
 j - 3 potions of might
 n - 4 potions of magic
 o - 3 potions of lignification
 p - 3 potions of brilliance


   Skills:
 + Level 6.6 Fighting
 * Level 8.8 Long Blades
 - Level 1.7 Throwing
 + Level 5.4 Armour
 * Level 6.7 Dodging
 + Level 4.5 Stealth
 - Level 5.0 Shields
 + Level 4.7 Evocations


You had 9 spell levels left.
You didn't know any spells.
Your spell library was empty.

Dungeon Overview and Level Annotations

Branches:
Dungeon (9/15)             Temple (1/1) D:4           Sewer (visited)
   Lair: D:8-11         Orc: D:9-12

Altars:
Ashenzari
Cheibriados
Dithmenos
Elyvilon
Fedhas
Gozag
Hepliaklqana
Kikubaaqudgha
Makhleb
Nemelex Xobeh
Okawaru
Qazlal
Ru
Sif Muna
Trog
Uskayaw
Vehumet
Wu Jian
Xom
Yredelemnul
Zin
The Shining One

Shops:
D:5 }   D:7 (

Annotations:
D:8 2 transporters, trm's ghost, novice DsVM


Message History

* * * LOW HITPOINT WARNING * * *
You hit something.
Something hits you but does no damage. x2
You miss something. Something barely misses you.
Your +2 long sword of holy wrath stops glowing.
Your hands tingle!
b - a +2 short sword of speed (weapon)
Something hits you but does no damage.
You hit something. Something hits you!
* * * LOW HITPOINT WARNING * * *
Okay, then.
Okay, then.
Okay, then.
Okay, then.
Something hits you but does no damage.
You hit something but do no damage. Something hits you.
* * * LOW HITPOINT WARNING * * *
You closely miss something. Something barely misses you. Something hits you.
* * * LOW HITPOINT WARNING * * *
You closely miss something. Something hits you.
You die...

.........#8.$8..8################
.........#∩$._...###....#########
........>##.$.$.##.'....'......(.
(.......####'''#####....#########
##.......#.....).# #....########
#######.###..##.# #....##.....#
#.......###.# #....##....(#
#.#....## #{# #....##.....##
#.####.# #@# #.....#.....<#
####....#.# #.###.....#......#
#....####.# #.....#...#......#
#....+..#.# #####.#####.....##
#....##.#.# #...#####.....##
#.......#.######......##.......
####.#............###.#####..#.
#.#......#####.# #.# ##.....
#.#<.)##.# #.# #.###......


There were no monsters in sight!

Vanquished Creatures
  The ghost of Xoff the Ducker, a novice GnMo of Okawaru (D:6)
  Maggie (D:6)
  The ghost of kae the Insei, an amateur OpTm (D:4)
  A steam dragon (D:8)
  Eustachio (D:4)
  A black bear (D:7)
  A sky beast (D:7)
  3 orc warriors (D:8)
  An eye of draining (D:6)
  4 ogres
  A necrophage (D:6)
  4 centaurs
  7 big kobolds
  6 bullfrogs
  2 gnoll sergeants
  A wyvern zombie (D:7)
  A scorpion (D:4)
  A killer bee (D:9)
  5 howler monkeys
  A wight (D:9)
  6 hounds
  2 jellies
  7 orc priests
  A centaur zombie (D:5)
  A quasit (D:8)
  A bullfrog skeleton (D:7)
  3 centaur skeletons (D:7)
  A gnoll shaman (D:4)
  2 iguanas (D:7)
  2 orc wizards
  7 worker ants
  A hound skeleton (D:9)
  A worker ant zombie (D:7)
  Robin (D:3)
  13 gnolls
  A howler monkey skeleton (D:8)
  16 adders
  2 river rats (Sewer)
  A shadow imp (D:6)
  A white imp (D:6)
  3 oozes (Sewer)
  An adder skeleton (D:9)
  6 worms
  4 dart slugs
  2 leopard geckos (D:3)
  28 orcs
  6 giant cockroaches
  22 goblins
  10 hobgoblins
  19 jackals
  2 quokkas
  4 ball pythons
  6 bats
  7 frilled lizards
  A giant cockroach zombie (D:6)
  A jackal skeleton (D:6)
  18 kobolds
  10 rats
264 creatures vanquished.

Vanquished Creatures (others)
  A worker ant (D:6)
  A plant (D:6)
2 creatures vanquished.

Grand Total: 266 creatures vanquished

Notes
Turn   | Place    | Note
-------+----------+-------------------------------------------
     0 | D:1      | Borgoz the Hill Orc Gladiator began the quest for the Orb.
     0 | D:1      | Reached XP level 1. HP: 18/18 MP: 1/1
   168 | D:1      | Reached XP level 2. HP: 25/25 MP: 2/2
   332 | D:1      | Reached XP level 3. HP: 28/30 MP: 3/3
   952 | D:1      | You fall into a shaft and drop 1 floor!
   952 | D:2      | Found a hide-covered altar of Uskayaw.
  1556 | D:2      | Reached skill level 1 in Armour
  1614 | D:2      | Reached skill level 4 in Long Blades
  1744 | D:2      | Reached XP level 4. HP: 38/38 MP: 4/4
  1939 | D:2      | Reached skill level 1 in Stealth
  2627 | D:3      | Found a glowing drain.
  2631 | D:3      | Reached XP level 5. HP: 45/45 MP: 5/5
  2647 | D:3      | Reached skill level 1 in Shields
  2653 | Sewer    | Entered a sewer
  2706 | Sewer    | Noticed a big kobold
  2723 | Sewer    | Killed a big kobold
  2724 | Sewer    | Reached skill level 1 in Evocations
  3089 | Sewer    | Reached XP level 6. HP: 37/51 MP: 6/6
  3671 | Sewer    | Reached skill level 5 in Long Blades
  3671 | Sewer    | Reached XP level 7. HP: 41/58 MP: 7/7
  4319 | D:3      | Noticed Robin
  4330 | D:3      | Killed Robin
  5372 | D:4      | Found a runed translucent gate.
  5372 | D:4      | Found an opulent altar of Gozag.
  5373 | D:4      | Found a runed translucent gate.
  5373 | D:4      | Found a runed translucent gate.
  5373 | D:4      | Noticed kae's ghost (amateur OpTm)
  5495 | D:4      | Found a staircase to the Ecumenical Temple.
  5588 | Temple   | Entered the Ecumenical Temple
  5776 | Temple   | Became a worshipper of Ashenzari the Shackled
  5831 | D:4      | Reached XP level 8. HP: 17/66 MP: 8/8
  6484 | D:4      | Noticed Eustachio
  6521 | D:4      | Killed Eustachio
  6922 | D:5      | Entered Level 5 of the Dungeon
  6927 | D:5      | Reached skill level 6 in Long Blades
  7679 | D:5      | Found Fybidih's Gadget Shoppe.
  7931 | D:6      | Reached skill level 5 in Fighting
  7944 | D:6      | Reached skill level 5 in Dodging
  8084 | D:6      | Reached XP level 9. HP: 74/74 MP: 9/9
  8175 | D:6      | Reached * piety under Ashenzari
  8306 | D:6      | Noticed Maggie
  8334 | D:6      | Killed Maggie
  8335 | D:6      | Reached skill level 7 in Long Blades
  8544 | D:6      | Found a sparkling altar of Nemelex Xobeh.
  8578 | D:6      | Noticed Xoff's ghost (novice GnMo)
  8579 | D:6      | Found a transporter.
  8583 | D:6      | Found a transporter.
  9620 | D:7      | Found Myttyxtu's Antique Weapon Shoppe.
 10268 | D:8      | Found an opulent altar of Gozag.
 10565 | D:8      | Reached XP level 10. HP: 21/83 MP: 10/10
 10686 | D:8      | Reached skill level 8 in Long Blades
 11260 | D:8      | Reached ** piety under Ashenzari
 11302 | D:8      | Found a transporter.
 11302 | D:8      | Noticed trm's ghost (novice DsVM)
 11330 | D:8      | Reached skill level 5 in Armour
 11392 | D:8      | Reached skill level 5 in Shields
 11414 | D:8      | Found a transporter.
 11954 | D:9      | Noticed a brown ugly thing
 11975 | D:9      | HP: 2/84 [acid (7)]
 11986 | D:9      | HP: 4/84 [acid (7)]
 12351 | D:7      | Bought a glowing rapier for 182 gold pieces
 12423 | D:6      | Killed Xoff's ghost
 12578 | D:4      | Killed kae's ghost
 12597 | D:4      | Slain by an unseen horror

Illustrated notes

Levels and vault maps discovered:
D:1:      dpeg_arrival_circle_labyrinth_b, layout_loops_ring, minmay_cupped
D:2:      layout_loops_ring, eat_drink_and_be_merry_uskayaw, serial_glass,
          glass_columns_a, glass_columns_a
D:3:      kennysheep_goblin_castle, layout_basic, portal_sewer_entry_f
D:4:      layout_basic, minmay_temple_entry_statues_pillars,
          ebering_ghost_gozag, uniq_eustachio
D:5:      layout_basic, serial_shops, kennysheep_little_box
D:6:      layout_loops_corners, gammafunk_ghost_arena, serial_bayou_pond_e,
          hangedman_abyss_or_decor_passed, nemelex_xobeh_ov_fountains_minmay,
          uniq_maggie
D:7:      layout_cave_pools, serial_glass, glass_columns_a, glass_columns_b,
          serial_shops, nicolae_shop_behind_doors
D:8:      layout_rooms, basic_altar, gammafunk_ghost_arena, minivault_1
D:9:      layout_big_octagon, serial_gnoll_camp, gnoll_camp_huts_basic,
          gnoll_camp_mini_loothouse, gnoll_camp_mini_basic,
          gnoll_camp_mini_basic, gnoll_camp_mini_house, nzn_random_ring
Temple:   minmay_crystal_snake_temple

Skill      XL: |  1  2  3  4  5  6  7  8  9 10 |
---------------+-------------------------------+-----
Armour         | 1 2 3 4 5 |  5.4
Fighting       | 3 4 5 6 |  6.6
Long Blades    | 4 5 6 7 8 |  8.8
Dodging        | 3 4 5 6 |  6.7
Stealth        | 1 2 3 4 |  4.5
Shields        | 1 2 3 4 5 |  5.0
Evocations     | 1 2 3 4 |  4.7
Throwing       | |  1.7

Action                   |  1- 3 |  4- 6 |  7- 9 | 10-12 || total
-------------------------+-------+-------+-------+-------++-------
Melee: Long sword        |   101 |   208 |   587 |   242 ||  1138
       Short sword       |       |       |     2 |     4 ||     6
Throw: Throwing net      |       |       |     5 |     1 ||     6
  Use: Scroll            |     6 |     2 |     8 |     8 ||    24
       Potion            |       |       |     5 |     3 ||     8
 Stab: Sleeping          |       |       |     8 |       ||     8
       Held in net/web   |       |       |     3 |       ||     3
       Invisible         |       |       |    10 |       ||    10
Armor: Leather armour    |    16 |       |    23 |       ||    39
       Ring mail         |    22 |    53 |   105 |       ||   180
       Swamp dragon scal |       |       |    88 |   116 ||   204
Dodge: Dodged            |    67 |   107 |   460 |   134 ||   768
Block: Buckler           |       |    30 |   177 |    50 ||   257
       Rpst.: Long sword |    24 |    33 |   134 |    33 ||   224

Table legend: (Time is in decaauts)
 A = Elapsed time spent in this place.
 B = Non-inter-level travel time spent in this place.
 C = Inter-level travel time spent in this place.
 D = Time resting spent in this place.
 E = Time spent auto-exploring this place.
 F = Levels seen in this place.
 G = Mean time per level.
                   A        B        C        D        E       F      G
               +--------+--------+--------+--------+--------+-----+--------+
         Total |  12825 |  12368 |    457 |   3161 |   6914 |  11 | 1165.9 |
       Dungeon |  11011 |  10610 |    401 |   3007 |   5666 |   9 | 1223.4 |
        Temple |    208 |    152 |     56 |      0 |    151 |   1 |  208.0 |
         Sewer |   1604 |   1604 |      0 |    154 |   1097 |   1 | 1604.0 |
               +--------+--------+--------+--------+--------+-----+--------+

Top non-repeatable levels by time:
     D:6: 1734 daAuts
   Sewer: 1604 daAuts
     D:4: 1563 daAuts
     D:1: 1530 daAuts
     D:7: 1371 daAuts
     D:8: 1347 daAuts
     D:3: 1215 daAuts
     D:2: 1126 daAuts
     D:5: 1006 daAuts
  Temple: 208 daAuts
     D:9: 115 daAuts
